Map: Ultralove

Players

AnteriorSine - Winner!

  • Race: Protoss Protoss
  • League: Silver
  • Spawn Location: 7:00

iPlayDefense

  • Race: Terran Terran
  • League: Bronze
  • Spawn Location: 1:00

VOD

Have the link to the VOD?

Description

Time

  • Played on: April 12, 2025, 2:54 p.m.
  • Length: 4:54
Show
View Real Time Build Order
Export as new Build Order

AnteriorSine Protoss - Winner!

Build Orders:  

Get SALT Encoding   

  12  0:00  Probe  
  13  0:16  Probe  
  14  0:23  Pylon  
  14  0:26  Probe  
  15  0:37  Probe  
  16  0:46  Gateway, Probe  
  17  1:02  Probe  
  18  1:04  Pylon  
  18  1:05  Assimilator  
  18  1:14  Probe  
  19  1:24  Gateway  
  19  1:26  Probe  
  19  1:28  Gateway  
  20  1:43  Cybernetics Core  
  20  1:55  Gateway  
  20  2:05  Pylon  
  20  2:11  Zealot  
  22  2:17  Zealot  
  24  2:24  Warp Gate, Twilight Council  
  24  2:29  Forge  
  24  2:38  Zealot  
  26  2:46  Charge  
  26  2:51  Zealot x2  
  30  3:07  Zealot x2  
  34  3:18  Zealot  
  36  3:31  Zealot  
  38  3:41  Pylon  
  38  3:56  Pylon  
  38  3:59  Zealot x2  
  38  4:00  Zealot  
  44  4:32  Zealot  
  46  4:41  Shield Battery  
Show
View Real Time Build Order
Export as new Build Order

iPlayDefense Terran 

Build Orders:  

Get SALT Encoding   

  12  0:02  SCV  
  13  0:15  SCV  
  13  0:18  Refinery  
  14  0:25  Supply Depot  
  14  0:30  SCV  
  15  0:46  SCV  
  16  0:51  Barracks  
  16  0:58  SCV  
  17  1:10  SCV  
  18  1:23  SCV  
  19  1:35  SCV  
  20  1:42  Marine  
  21  1:47  Orbital Command  
  21  2:00  Supply Depot, Marine  
  22  2:14  Command Center  
  22  2:18  SCV  
  23  2:24  Refinery  
  23  2:30  SCV, Marine  
  25  2:42  SCV  
  26  2:48  Marine  
  27  2:57  SCV  
  28  3:05  Marine  
  29  3:18  SCV  
  29  3:19  Factory  
  30  3:23  Marine  
  31  3:29  Bunker  
  31  3:30  SCV  
  32  3:37  SCV  
  33  3:42  SCV  
  34  3:49  SCV  
  34  3:54  SCV  
  36  4:01  SCV  
  37  4:05  Supply Depot  
  37  4:06  SCV  
  38  4:13  SCV  
  39  4:17  Factory Tech Lab  
  39  4:20  Barracks  
  39  4:25  SCV  
  39  4:27  Supply Depot  
  39  4:28  Marine  
  43  4:50  Supply Depot  
Tags
 
Matchup
PvT
Replay Pack
DaveSC2
Spawn Locations
Cross Positions
Add a new tag
Caveats
  • Supply blocks, unpowered buildings, or Contaminate may cause inaccurate times.
  • Supply counts are checked every 10 seconds.